 Dungeon Crawl Stone Soup version 0.25-a0-62-g88673ef095 (webtiles) character file.

Game seed: 17344575079899694579, levelgen mode: deterministic

10236 iamserjio the Fighter (level 11, -4/82 HPs)
             Began as an Octopode Chaos Knight on Oct 29, 2019.
             Was a Plaything of Xom.
             Slain by a death yak (30 damage)
             ... in a Gauntlet.
             The game lasted 00:19:14 (13762 turns).

iamserjio the Fighter (Octopode Chaos Knight)      Turns: 13762, Time: 00:19:15

Health: -4/82      AC:  1    Str: 14    XL:     11   Next: 59%
Magic:  32/32      EV: 14    Int: 14    God:    Xom [..*...]
Gold:   470        SH: 18    Dex: 13    Spells: 10/10 levels left

rFire    . . .     SeeInvis +   q - +5 demon blade (freeze)
rCold    . . .     Gourm    .   l - +2 large shield
rNeg     + . .     Faith    .   (helmet restricted)
rPois    +         Spirit   .   y - amulet of rage
rElec    .         Reflect  .   E - ring of magical power
rCorr    .         Harm     .   F - ring of positive energy
MR       +....     NoTele   +   r - ring of Ziqeer {MP+9 SInv}
Stlth    ++........             (no ring)
HPRegen  0.63/turn              (no ring)
MPRegen  0.23/turn              (no ring)
                                (no ring)
                                (no ring)

@: no status effects
A: almost no armour, stealthy swim, amphibious, 8 rings, constrict 8, camouflage
1, magic resistance 1, poison resistance, regeneration 1, gelatinous body 1
a: Renounce Religion, Evoke Berserk Rage


You were in a Gauntlet.
You worshipped Xom.
You were a toy of Xom.
You were not hungry.

You visited 1 branch of the dungeon, and saw 11 of its levels.
You also visited: Gauntlet.

You collected 634 gold pieces.
You spent 164 gold pieces at shops.

Inventory:

Hand Weapons
 q - a +5 demon blade of freezing (weapon)
Missiles
 K - 4 atropa-tipped darts (quivered)
Armour
 l - a +2 large shield (worn)
Jewellery
 r - the ring of Ziqeer (on tentacle) {MP+9 SInv}
   (You found it in a Gauntlet)

   [ring of magical power]

   It affects your magic capacity (+9).
   It lets you see invisible.
 y - an amulet of rage (around mantle)
 E - a ring of magical power (left tentacle)
 F - a ring of positive energy (right tentacle)
Wands
 c - a wand of digging (12)
 n - a wand of disintegration (11)
 o - a wand of polymorph (10)
 H - a wand of acid (9)
 J - a wand of iceblast (8)
 L - a wand of flame (16)
Scrolls
 e - a scroll of holy word {unknown}
 f - 4 scrolls of teleportation {@r3}
 g - 4 scrolls of immolation
 h - a scroll of brand weapon {unknown}
 k - 2 scrolls of magic mapping
 m - 3 scrolls of fear
 p - 2 scrolls of fog
 s - a scroll of amnesia
 z - 2 scrolls of blinking
 A - 2 scrolls of remove curse {@r2}
Potions
 d - 2 potions of lignification
 i - 4 potions of haste
 j - 5 potions of might
 w - a potion of mutation
 x - 2 potions of agility
 G - a potion of resistance {unknown}
Miscellaneous
 a - a box of beasts
Comestibles
 b - 14 rations


   Skills:
 * Level 10.3 Fighting
   Level 3.0(6.1) Short Blades
 * Level 8.4(8.6) Long Blades
 - Level 7.0 Dodging
 + Level 9.7 Shields
 - Level 4.2 Evocations


You had 10 spell levels left.
You didn't know any spells.
Your spell library contained the following spells:

 Spells                   Type           Power        Failure   Level  Hunger
 Summon Small Mammal      Summ           #...         91%         1    ##.....
 Call Imp                 Summ           #.......     97%         2    ###....
 Call Canine Familiar     Summ           #.......     99%         3    ####...
 Summon Guardian Golem    Hex/Summ       #.......     99%         3    ####...
 Summon Ice Beast         Ice/Summ       #.......     100%        4    #####..
 Summon Lightning Spire   Summ/Air       #.......     100%        4    #####..


Dungeon Overview and Level Annotations

Branches:
Dungeon (11/15)            Temple (0/1) D:4            Lair (0/6) D:9
    Orc (0/2) D:9         Gauntlet (1/1)

Altars:
Elyvilon
Gozag
Xom

Shops:
D:4 (   D:6 [[*(%

Annotations:
Gauntlet 8 transporters, 2 runed translucent doors


Innate Abilities, Weirdness & Mutations

You cannot wear most types of armour.
You are very stealthy in the water. (Stealth+)
You are amphibious.
You can wear up to eight rings at the same time.
You can use your tentacles to constrict eight enemies at once.
Your skin changes colour to match your surroundings (Stealth+).
Your rubbery body absorbs attacks. (AC +1, EV +1)
You are resistant to hostile enchantments. (MR+)
Your system is resistant to poisons. (rPois)
Your natural rate of healing is unusually fast.


Message History

There is a transporter here.
You enter the transporter and appear at another place.
You block the death yak's attack.
You hit the death yak but do no damage. Your squeeze misses the death yak.
The death yak gores you!
You hit the death yak. You freeze the death yak.
You block the death yak's attack.
You hit the death yak. You freeze the death yak. The death yak misses you.
You riposte.
You slash the death yak! You freeze the death yak.
You hit the death yak but do no damage. You squeeze the death yak.
The death yak completely misses you.
You riposte.
You slash the death yak! You freeze the death yak. You slash the death yak!
You freeze the death yak. Your squeeze misses the death yak.
The death yak barely misses you. The death yak gores you!
You slash the death yak! You freeze the death yak.
You block the death yak's attack.
You hit the death yak but do no damage. You squeeze the death yak.
The death yak gores you!!
You die...

## . .# #######.#####
#............. #..Y@.©.©...#
##############..8.8.8..# ########
≈#≈#≈#≈#§#≈####.......####≈#≈#≈#§
............#≈#########≈#......§§
.....8.........................8.
............8.....8.....8........
###########...............#######
#...|©[Y..#...#########...#s.}"©?
#.......Y.#...#y=.©)..#...#s#...#


You could see a death yak.

Vanquished Creatures
  A great orb of eyes (Gauntlet)
  2 two-headed ogres
  Urug (D:10)
  2 ugly things (Gauntlet)
  A troll (D:9)
  A dream sheep (shapeshifter) (D:5)
  2 hippogriffs
  8 yaks
  A wyvern (D:10)
  A naga (D:5)
  A water moccasin (D:10)
  A swamp drake (D:6)
  A sky beast (D:6)
  A hornet zombie (D:9)
  An ice beast (D:10)
  An eye of draining (D:9)
  5 orc warriors
  2 phantoms
  8 ogres
  4 centaurs
  2 big kobolds (D:9)
  6 bullfrogs
  Blork the orc (D:4)
  7 gnoll sergeants
  A scorpion (D:8)
  9 killer bees
  5 wights (D:6)
  3 crimson imps
  A quasit (D:5)
  2 bullfrog skeletons (D:5)
  2 hounds
  A jelly (D:10)
  5 orc wizards
  3 orc priests
  4 worker ants
  A killer bee zombie (D:6)
  2 worker ant zombies (D:7)
  11 gnolls
  6 adders
  3 shadow imps
  2 oozes
  2 adder zombies
  A worm (D:5)
  A dart slug (D:1)
  3 leopard geckos
  24 orcs
  4 bats
  5 giant cockroaches
  3 hobgoblins
  10 jackals
  3 quokkas
  A ball python (D:1)
  5 frilled lizards
  8 goblins
  8 kobolds
  A leopard gecko skeleton (D:9)
  2 quokka skeletons (D:4)
  5 rats
208 creatures vanquished.

Vanquished Creatures (collateral kills)
  A hungry ghost (D:8)
  A black bear (D:8)
  2 ogres (D:8)
  2 killer bees (D:8)
  An adder (D:4)
  A giant cockroach (D:4)
8 creatures vanquished.

Grand Total: 216 creatures vanquished

Notes
Turn   | Place    | Note
-------+----------+-------------------------------------------
     0 | D:1      | iamserjio the Octopode Chaos Knight began the quest for the
                  | Orb.
     0 | D:1      | Reached XP level 1. HP: 16/16 MP: 1/1
   251 | D:1      | Reached XP level 2. HP: 21/21 MP: 2/2
   437 | D:1      | XOM: divination: magic mapping
   643 | D:1      | XOM: confusion
   654 | D:1      | Reached XP level 3. HP: 22/26 MP: 3/3
  1132 | D:2      | XOM: confuse monster(s)
  1451 | D:2      | XOM: harmless Summ miscast
  1463 | D:2      | Reached skill level 1 in Shields
  1463 | D:2      | Reached XP level 4. HP: 13/33 MP: 4/4
  1583 | D:1      | XOM: medium Hex miscast
  1690 | D:2      | Reached skill level 4 in Fighting
  1972 | D:2      | XOM: god gift: 57 gold pieces
  2028 | D:2      | Reached XP level 5. HP: 35/37 MP: 5/5
  2254 | D:3      | Found an opulent altar of Gozag.
  2275 | D:3      | XOM: summons 1 hostile shadow creature
  2327 | D:3      | XOM: medium Tmut miscast
  2480 | D:3      | XOM: scenery: create altars
  2765 | D:4      | Found a staircase to the Ecumenical Temple.
  2779 | D:4      | XOM: god gift: scroll labeled LAIN SAUQ TIBI {god gift}
  2800 | D:4      | Noticed Blork the orc
  2810 | D:4      | XOM: butterfly on damage
  2811 | D:4      | Killed Blork the orc
  2811 | D:4      | Reached XP level 6. HP: 13/44 MP: 6/6
  3059 | D:4      | XOM: god gift: 3 boomerangs
  3069 | D:4      | Noticed Sigmund
  3073 | D:4      | Noticed Sigmund
  3073 | D:4      | Sigmund changed into Sigmund the killer bee
  3073 | D:4      | XOM: polymorph Sigmund -> Sigmund the killer bee
  3077 | D:4      | Killed Sigmund the killer bee
  3238 | D:4      | Found Jebain's Weapon Shoppe.
  3246 | D:4      | Bought 4 atropa-tipped darts for 28 gold pieces
  3286 | D:4      | XOM: summons 1 hostile demon
  3344 | D:4      | XOM: scenery: 1 doors close
  3478 | D:4      | Noticed a phantom
  3490 | D:4      | XOM: cleaving
  3504 | D:4      | XOM: enchant monster (good)
  3528 | D:4      | Killed a phantom
  3528 | D:4      | Reached skill level 5 in Fighting
  3684 | D:4      | XOM: cloud trail
  4054 | D:5      | Entered Level 5 of the Dungeon
  4133 | D:5      | XOM: cloud trail
  4151 | D:5      | Reached XP level 7. HP: 50/50 MP: 7/7
  4166 | D:5      | XOM: polymorph ogre -> water moccasin
  4171 | D:5      | Noticed a glowing shapeshifter
  4172 | D:5      | Noticed a water nymph
  4172 | D:5      | a glowing shapeshifter changed into a water nymph
  4173 | D:5      | Noticed a dream sheep
  4173 | D:5      | a water nymph changed into a dream sheep
  4178 | D:5      | Killed a dream sheep
  4180 | D:5      | XOM: summons friendly white imp
  4193 | D:5      | HP: 1/51 [water moccasin (5)]
  4197 | D:5      | XOM: scenery: create altars
  4207 | D:5      | Noticed a naga
  4487 | D:5      | XOM: god gift: 53 gold pieces
  4542 | D:5      | XOM: cast spell 'Disjunction'
  4567 | D:5      | Reached skill level 6 in Fighting
  4572 | D:5      | XOM: noise
  4584 | D:6      | XOM: scenery: create altars
  4622 | D:6      | Found Gajy's General Store.
  4637 | D:6      | Reached skill level 5 in Dodging
  4706 | D:6      | Bought a scroll of blinking for 97 gold pieces
  4706 | D:6      | Bought a scroll of remove curse for 39 gold pieces
  4725 | D:6      | Found Sytzucra's Weapon Boutique.
  4750 | D:6      | Found Hieghon's Food Shop.
  4774 | D:6      | XOM: summons 7 friendly demons
  4783 | D:6      | Reached XP level 8. HP: 22/57 MP: 8/8
  5056 | D:6      | Reached skill level 5 in Shields
  5128 | D:6      | Found Tastrutad's Armour Emporium.
  5149 | D:6      | Found a white marble altar of Elyvilon.
  5152 | D:6      | XOM: cleaving
  5153 | D:6      | XOM: divination: detect items
  5316 | D:6      | XOM: harmless Chrm miscast
  5407 | D:6      | XOM: harmless Fire miscast
  5426 | D:6      | XOM: confuse monster(s)
  5435 | D:6      | XOM: divination: detect creatures
  5524 | D:6      | XOM: mild Hex miscast
  5637 | D:6      | Found Fesubber's Armour Emporium.
  5686 | D:6      | Noticed Edmund
  5691 | D:6      | XOM: blink monster(s)
  5700 | D:6      | Noticed Edmund
  5700 | D:6      | Edmund changed into Edmund the glowing shapeshifter
  5700 | D:6      | XOM: polymorph Edmund -> Edmund the glowing shapeshifter
  5700 | D:6      | Noticed Edmund
  5700 | D:6      | Edmund the glowing shapeshifter changed into Edmund the eye
                  | of devastation
  5703 | D:6      | XOM: potion effect (might)
  5705 | D:6      | Noticed Edmund
  5705 | D:6      | Edmund the eye of devastation changed into Edmund the sea
                  | snake
  5930 | D:6      | XOM: divination: detect items
  5986 | D:7      | Reached skill level 7 in Fighting
  6061 | D:7      | XOM: potion effect (berserk rage)
  6257 | D:7      | XOM: silly message
  6357 | D:7      | XOM: silly message
  6388 | D:7      | XOM: divination: detect items
  6504 | D:7      | XOM: divination: magic mapping
  6567 | D:7      | XOM: harmless Air miscast
  6682 | D:7      | XOM: harmless Summ miscast
  6793 | D:8      | Noticed a wyvern
  6793 | D:8      | Noticed a two-headed ogre
  6812 | D:8      | Killed a two-headed ogre
  6812 | D:8      | Reached XP level 9. HP: 34/66 MP: 10/10
  6818 | D:8      | Reached skill level 8 in Fighting
  6823 | D:8      | XOM: 1-stop teleportation journey
  6881 | D:8      | HP: 3/66 [poisoned by a killer bee]
  7022 | D:8      | XOM: cloud trail
  7027 | D:8      | XOM: 1-stop teleportation journey
  7221 | D:8      | XOM: mild Pois miscast
  7236 | D:8      | XOM: fake destruction
  7308 | D:8      | XOM: 1-stop teleportation journey
  7864 | D:8      | Identified a scroll of acquirement
  7919 | D:9      | XOM: summons 4 friendly demons
  7930 | D:9      | Reached skill level 1 in Long Blades
  7936 | D:9      | XOM: summons friendly iron imp
  8141 | D:8      | XOM is BORED!
  8141 | D:8      | XOM: medium Chrm miscast
  8324 | D:9      | Reached XP level 10. HP: 73/73 MP: 10/13
  8557 | D:9      | XOM: scenery: 1 doors open
  9058 | D:9      | Found a staircase to the Lair.
  9215 | D:9      | Reached skill level 9 in Fighting
  9320 | D:9      | XOM: mild Pois miscast
  9448 | D:9      | Found a staircase to the Orcish Mines.
  9458 | D:9      | XOM: silly message
  9470 | D:9      | XOM: potion effect (curing)
  9472 | D:9      | XOM: potion effect (curing)
  9475 | D:9      | XOM: potion effect (heal wounds)
  9478 | D:9      | XOM: potion effect (agility)
  9510 | D:9      | HP: 3/74 [gnoll/+0 spear (10)]
  9519 | D:9      | XOM: noise
  9532 | D:9      | Reached skill level 5 in Long Blades
  9709 | D:9      | XOM: noise
  9989 | D:9      | XOM: enchant monster (bad)
 10196 | D:6      | Noticed Edmund
 10196 | D:6      | XOM: snakes to sticks
 10950 | D:6      | Found Hieghon's Food Shop.
 11085 | D:6      | Found Tastrutad's Armour Emporium.
 11105 | D:6      | Found a white marble altar of Elyvilon.
 11153 | D:6      | Found Fesubber's Armour Emporium.
 11166 | D:6      | XOM: give mutations
 11166 | D:6      | Gained mutation: You are resistant to hostile enchantments.
                  | (MR+) [Xom's grace]
 11166 | D:6      | Gained mutation: You can translocate small distances at
                  | will. [Xom's grace]
 11166 | D:6      | Gained mutation: Your natural rate of healing is unusually
                  | fast. [Xom's grace]
 11166 | D:6      | Gained mutation: Your system is resistant to poisons.
                  | (rPois) [Xom's grace]
 11190 | D:6      | XOM: cloud trail
 11208 | D:6      | Found Gajy's General Store.
 11251 | D:6      | XOM: harmless Conj miscast
 11281 | D:6      | Found a shimmering altar of Xom.
 11372 | D:6      | Found Sytzucra's Weapon Boutique.
 11387 | D:6      | Found Sytzucra's Weapon Boutique.
 11417 | D:6      | Found Gajy's General Store.
 11455 | D:6      | Found Fesubber's Armour Emporium.
 11467 | D:6      | Found a white marble altar of Elyvilon.
 11511 | D:6      | Found Tastrutad's Armour Emporium.
 11572 | D:6      | Found a shimmering altar of Xom.
 11617 | D:6      | XOM: medium Tmut miscast
 11627 | D:6      | XOM: 1-stop teleportation journey
 11742 | D:6      | Found Hieghon's Food Shop.
 12281 | D:6      | XOM: give mutation
 12281 | D:6      | Lost mutation: You can translocate small distances at will.
                  | [Xom's mischief]
 12389 | D:10     | Entered Level 10 of the Dungeon
 12405 | D:10     | Reached XP level 11. HP: 64/81 MP: 14/14
 12410 | D:10     | XOM: summons friendly ufetubus
 12725 | D:10     | XOM: 3-stop teleportation journey
 12929 | D:10     | Noticed Urug
 12943 | D:10     | Killed Urug
 12943 | D:10     | Reached skill level 10 in Fighting
 13081 | D:10     | Noticed a two-headed ogre
 13089 | D:10     | Killed a two-headed ogre
 13362 | D:11     | Found a gate leading to a gauntlet.
 13372 | Gauntlet | Entered a Gauntlet
 13372 | Gauntlet | Found a transporter.
 13372 | Gauntlet | Noticed a moth of wrath
 13375 | Gauntlet | Found a transporter.
 13378 | Gauntlet | Noticed a large abomination
 13379 | Gauntlet | Found a transporter.
 13379 | Gauntlet | Noticed a large abomination
 13382 | Gauntlet | Found a transporter.
 13383 | Gauntlet | Found a transporter.
 13387 | Gauntlet | Found a runed translucent door.
 13391 | Gauntlet | Found a transporter.
 13392 | Gauntlet | Found a transporter.
 13393 | Gauntlet | Noticed a moth of wrath
 13401 | Gauntlet | Found a runed translucent door.
 13402 | Gauntlet | Found the ring of the Octopus King
 13412 | Gauntlet | Found a transporter.
 13412 | Gauntlet | Noticed a death yak
 13414 | Gauntlet | Noticed a death yak
 13414 | Gauntlet | Noticed a death yak
 13415 | Gauntlet | Noticed a death yak
 13415 | Gauntlet | Noticed a death yak
 13416 | Gauntlet | Noticed a death yak
 13429 | Gauntlet | Found a transporter.
 13434 | Gauntlet | XOM: god gift: mace {god gift}
 13435 | Gauntlet | Found a transporter.
 13438 | Gauntlet | Noticed a red ugly thing
 13438 | Gauntlet | Noticed a red ugly thing
 13438 | Gauntlet | Noticed a great orb of eyes
 13442 | Gauntlet | Found a transporter.
 13494 | Gauntlet | Found the +1 cloak of Starlight {rElec rC+ EV+4 Stlth--}
 13503 | Gauntlet | Found a transporter.
 13588 | Gauntlet | Killed a red ugly thing
 13596 | Gauntlet | Killed a great orb of eyes
 13603 | Gauntlet | Killed a red ugly thing
 13635 | Gauntlet | Got an ancient granite ring
 13697 | Gauntlet | Identified the ring of Ziqeer {MP+9 SInv} (You found it in
                  | a Gauntlet)
 13743 | Gauntlet | XOM: confuse monster(s)
 13746 | Gauntlet | XOM: blink monster(s)
 13762 | Gauntlet | Slain by a death yak

Levels and vault maps discovered:
D:1:      erik_arrival_triangle_huge, layout_basic, minmay_box_of_dots
D:2:      minmay_wonky_spiral, layout_basic, grunt_decor_fettered
D:3:      layout_rooms, old_standard_altar
D:4:      minmay_octagon_keep, layout_loops_ring, temple_pool_b, serial_shops,
          nicolae_shop_waterfront, kennysheep_small_circle, uniq_sigmund,
          uniq_blork_the_orc
D:5:      layout_rooms, first_ration, nrook_mini_vaults
D:6:      layout_loops_ring, serial_shops,
          nicolae_shop_temple_entry_statues_fountains, shop, shop_statue,
          kennysheep_mini, shop, elyvilon_altar_3, uniq_edmund
D:7:      layout_cave_pools
D:8:      layout_basic
D:9:      layout_irregular_city, lair_entry_dummy,
          kennysheep_orc_monster_closet_entryway
D:10:     layout_loops_corners, uniq_urug
D:11:     layout_basic, ebering_ghost_reflecting_pool, gauntlet_entry_generic,
          hangedman_little_slice_of_home
Gauntlet: minmay_gauntlet_mixed_oops_all_seconds
          [minmay_gauntlet_arena_77_radiant_squares,
          nicolae_gauntlet_arena_t_cross,
          minmay_gauntlet_arena_77_tiled_triplets,
          nicolae_gauntlet_arena_grate_2, minmay_gauntlet_arena_77_shame_cube,
          gammafunk_gauntlet_arena_teeth, gauntlet_exit_spiral]

Skill      XL: |  1  2  3  4  5  6  7  8  9 10 11 |
---------------+----------------------------------+-----
Dodging        | 3 4 5 6 7 |  7.0
Shields        | 1 2 3 4 6 7 9 |  9.7
Fighting       | 4 5 6 7 8 9 10 | 10.3
Evocations     | 2 4 |  4.2
Long Blades    | 1 6 8 |  8.4
Short Blades   | |  3.0

Action                   |  1- 3 |  4- 6 |  7- 9 | 10-12 || total
-------------------------+-------+-------+-------+-------++-------
Melee: Short sword       |    58 |   120 |   124 |       ||   302
       Constrict         |    14 |    29 |    41 |    37 ||   121
       Tentacles         |     3 |    27 |    42 |    46 ||   118
       Spear             |       |       |    70 |     6 ||    76
       Demon blade       |       |       |    23 |   211 ||   234
Throw: Dart              |       |       |     4 |       ||     4
Evoke: Wand              |       |       |       |     1 ||     1
  Use: Potion            |       |       |     2 |     7 ||     9
       Scroll            |       |       |    17 |     5 ||    22
 Stab: Sleeping          |     4 |     6 |     6 |     1 ||    17
       Confused          |       |       |     1 |       ||     1
       Distracted        |       |       |       |     1 ||     1
  Eat: Ration            |       |     1 |     2 |     4 ||     7
       Chunk             |       |     6 |     6 |     6 ||    18
Armor: Skin              |     4 |     5 |     6 |     7 ||    22
Dodge: Dodged            |    46 |    34 |    79 |    82 ||   241
Block: Large shield      |     3 |    45 |   130 |   178 ||   356
       Rpst.: Demon blade |       |       |     1 |    19 ||    20

Table legend:
 A = Non-vault XP
 B = Vault XP
 C = Vault XP percentage of total XP
 D = Non-vault monster count
 E = Vault monster count
 F = Vault count percentage of total count
                 A         B        C        D         E       F
            +---------+---------+-------+---------+---------+-------
      Total |    9664 |    4959 |  33.9 |     177 |      39 |  18.1
            +---------+---------+-------+---------+---------+-------
        D:1 |      37 |       5 |  11.9 |      16 |       3 |  15.8
        D:2 |     145 |       1 |   0.7 |      22 |       1 |   4.3
        D:3 |      31 |       0 |   0.0 |      10 |       0 |   0.0
        D:4 |     149 |     215 |  59.1 |       4 |      11 |  73.3
        D:5 |     755 |       0 |   0.0 |      24 |       0 |   0.0
        D:6 |    1129 |       0 |   0.0 |      23 |       0 |   0.0
        D:7 |     508 |       0 |   0.0 |      14 |       0 |   0.0
        D:8 |    2035 |       0 |   0.0 |      21 |       0 |   0.0
        D:9 |    2419 |    1691 |  41.1 |      31 |      20 |  39.2
       D:10 |    2456 |     839 |  25.5 |      12 |       1 |   7.7
   Gauntlet |       0 |    2208 | 100.0 |       0 |       3 | 100.0
            +---------+---------+-------+---------+---------+-------
